 Dungeon Crawl Stone Soup version 0.31-a0-174-g85c54bcb58 (webtiles) character file.

Game seed: 3025155161870462631

671 Nedwor the Cutter (level 7, -1/53 HPs)
             Began as a Demonspawn Gladiator on June 6, 2023.
             Was a Believer of Uskayaw.
             Slain by Duvessa
             ... wielding a +0 short sword
              (8 damage)
             ... on level 5 of the Dungeon on June 16, 2023.
             The game lasted 00:08:03 (4551 turns).

Nedwor the Cutter (Demonspawn Gladiator)            Turns: 4551, Time: 00:08:03

Health: -1/53      AC: 11    Str: 16    XL:     7   Next: 32%
Magic:  7/7        EV:  7    Int: 10    God:    Uskayaw [**....]
Gold:   231        SH:  8    Dex: 14    Spells: 6/6 levels left

rFire   . . .        a - +0 rapier
rCold   . . .        p - +0 kite shield
rNeg    . . .        t - +0 chain mail
rPois   .            c - +0 helmet
rElec   .            (no cloak)
rCorr   .            (no gloves)
SInv    .            b - +0 pair of boots
Will    .....        (no amulet) Stlth
                     (no ring)
HPRegen 0.28/turn    (no ring)
MPRegen 0.10/turn

%: no passive effects
@: lit by a corona, glowing
A: hooves 2, weakness stinger 1
a: Renounce Religion, Stomp, Line Pass


You were on level 5 of the Dungeon.
You worshipped Uskayaw.
Uskayaw was noncommittal.
You visited 2 branches of the dungeon, and saw 6 of its levels.

You collected 231 gold pieces.

Inventory:

Hand Weapons
 a - a +0 rapier (weapon)
Missiles
 d - 3 throwing nets (quivered)
 e - a javelin
Armour
 b - a +0 pair of boots (worn)
 c - a +0 helmet (worn)
 p - a +0 kite shield (worn)
 t - a +0 chain mail (worn)
Wands
 i - a wand of roots (11)
Scrolls
 g - a scroll of amnesia {unknown}
Potions
 f - 2 potions of haste {unknown}
 h - a potion of degeneration {unknown}
 l - a potion of cancellation {unknown}
 m - 2 potions of attraction {unknown}
 n - a potion of curing {unknown}
 q - a potion of heal wounds {unknown}
 s - a potion of ambrosia {unknown}


   Skills:
 + Level 3.7 Fighting
 * Level 5.0 Short Blades
 - Level 1.7 Throwing
 + Level 2.6 Armour
 + Level 3.9 Dodging
 + Level 2.5 Shields
 + Level 1.1 Invocations


You had 6 spell levels left.
You didn't know any spells.
Your spell library contained the following spells:

 Spells                   Type           Power      Damage    Failure   Level
 Static Discharge         Conj/Air       0%         2-2/arc   100%        2
 Airstrike                Air            0%         2d(0-16)  100%        4
 Summon Lightning Spire   Summ/Air       0%         N/A       100%        4


Dungeon Overview and Level Annotations

Branches:
Dungeon (5/15)             Temple (1/1) D:4

Altars:
Ashenzari
Dithmenos
Hepliaklqana
Kikubaaqudgha
Makhleb
Nemelex Xobeh
Qazlal
Ru
Sif Muna
Trog
Uskayaw
Wu Jian
Xom
Yredelemnul

Annotations:
D:5 Duvessa


Innate Abilities, Weirdness & Mutations

You have hoof-like feet.
You have a small tail.


Message History

Dowan is almost dead.
You block Dowan's attack. Duvessa hits you with a +0 short sword.
You hit Dowan.
Dowan is almost dead.
You block Dowan's attack. Duvessa hits you with a +0 short sword.
Dowan gestures at you while chanting. The puff of frost hits you.
Unknown command.
You barely miss Dowan.
Dowan is almost dead.
Duvessa closely misses you. You block Dowan's attack.
You barely miss Dowan.
Dowan is almost dead.
Duvessa hits you with a +0 short sword.
Dowan points at you and mumbles some strange words.
You block the puff of frost.
You barely miss Dowan.
Your tail-slap misses Dowan.
Dowan is almost dead.
You block Duvessa's attack. Dowan hits you with a +0 dagger.
* * * LOW HITPOINT WARNING * * *
You block Duvessa's attack.
You barely miss Dowan.
Dowan is almost dead.
Dowan hits you but does no damage. Duvessa hits you but does no damage.
Unknown command.
You barely miss Dowan.
Dowan is almost dead.
Dowan hits you but does no damage. You block Duvessa's attack.
You hit Dowan but do no damage. You tail-slap Dowan, but do no damage.
Dowan is almost dead.
Dowan hits you but does no damage. Duvessa hits you with a +0 short sword!
* * * LOW HITPOINT WARNING * * *
You block Dowan's attack.
Unknown command.
You hit Dowan. You tail-slap Dowan.
You kill Dowan!
Duvessa screams in rage.
Duvessa goes berserk!
Duvessa hits you but does no damage. Duvessa hits you with a +0 short sword!
You die...

#..###........
##.###.##....#
#...#.##.>.## .
##...#...... ..
##......# ##...
##....######.. #....###
.$. . ####......##.# .##
#.........)@.#
..[###.#....####e.......
#.#........# #....###.
#........### ..####
##......##### .##
.)...##.#...# ..
#.#.........# .#
..##.##.#...#.#
.#...##.#...$.#


You could see Duvessa (berserk).

Vanquished Creatures
  Sigmund (D:3)
  Edmund (D:4)
  A black bear (D:5)
  A phantom (D:5)
  Dowan (D:5)
  A hound (D:3)
  A sleepcap (D:4)
  Jessica (D:3)
  Robin (D:3)
  4 adders
  An ufetubus (D:2)
  5 dart slugs
  2 orcs
  8 endoplasms
  3 giant cockroaches
  11 goblins
  13 hobgoblins
  11 jackals
  3 quokkas
  7 ball pythons
  2 bats
  4 frilled lizards
  7 kobolds
  6 rats
96 creatures vanquished.

Notes
Turn   | Place    | Note
-------+----------+-------------------------------------------
     0 | D:1      | Nedwor the Demonspawn Gladiator began the quest for the
                  | Orb.
     0 | D:1      | Reached XP level 1. HP: 16/16 MP: 1/1
   300 | D:1      | Discovered your monstrous ancestry.
   300 | D:1      | Gained mutation: You have large cloven feet. [demonic
                  | ancestry]
   300 | D:1      | Reached XP level 2. HP: 16/22 MP: 2/2
   345 | D:1      | Reached skill level 3 in Short Blades
   688 | D:1      | Reached XP level 3. HP: 27/27 MP: 3/3
  1088 | D:2      | Reached skill level 1 in Armour
  1457 | D:2      | HP: 1/28 [poisoned by an adder]
  1799 | D:2      | Reached XP level 4. HP: 29/34 MP: 4/4
  2014 | D:3      | Reached skill level 1 in Shields
  2095 | D:3      | Noticed Jessica
  2103 | D:3      | Killed Jessica
  2225 | D:3      | Noticed Sigmund
  2250 | D:3      | Killed Sigmund
  2251 | D:3      | Reached skill level 4 in Short Blades
  2251 | D:3      | Gained mutation: You have a small tail. [demonic ancestry]
  2251 | D:3      | Reached XP level 5. HP: 11/41 MP: 5/5
  2251 | D:3      | Reached XP level 6. HP: 13/47 MP: 6/6
  2437 | D:3      | Noticed Robin
  2449 | D:3      | Killed Robin
  2537 | D:3      | Upgraded the game from 0.31-a0-145-g046c7d2549 to
                  | 0.31-a0-174-g85c54bcb58
  2971 | D:3      | Found a faded altar of an unknown god.
  2971 | D:3      | Found the +0 toga "Victory" {*Victory Clar}
  3126 | D:3      | Found an ornate altar of the Wu Jian Council.
  3754 | D:4      | Noticed Edmund
  3814 | D:4      | Killed Edmund
  3815 | D:4      | Gained mutation: You have hoof-like feet. [demonic
                  | ancestry]
  3815 | D:4      | Reached XP level 7. HP: 22/52 MP: 7/7
  4045 | D:4      | Found a broken altar of Ashenzari.
  4048 | D:4      | Found an ancient bone altar of Kikubaaqudgha.
  4052 | D:4      | Found a shadowy altar of Dithmenos.
  4053 | D:4      | Found a staircase to the Ecumenical Temple.
  4179 | D:4      | Found a bloodstained altar of Trog.
  4179 | D:4      | Found a burning altar of Makhleb.
  4179 | D:4      | Found a shimmering altar of Xom.
  4180 | D:4      | Found a sparkling altar of Nemelex Xobeh.
  4181 | D:4      | Found a sacrificial altar of Ru.
  4198 | Temple   | Entered the Ecumenical Temple
  4208 | Temple   | Became a worshipper of Uskayaw the Reveller
  4244 | D:4      | Found a shimmering blue altar of Sif Muna.
  4312 | D:5      | Entered Level 5 of the Dungeon
  4367 | D:5      | Reached * piety under Uskayaw
  4492 | D:5      | Noticed Duvessa
  4492 | D:5      | Noticed Dowan
  4519 | D:5      | Reached ** piety under Uskayaw
  4522 | D:5      | Reached skill level 5 in Short Blades
  4522 | D:5      | Reached skill level 1 in Invocations
  4551 | D:5      | Killed Dowan
  4551 | D:5      | Slain by Duvessa

Illustrated notes

Levels and vault maps discovered:
D:1:      amcnicky_arrival_blooded_trapdoor, layout_loops_ring
D:2:      layout_loops_corners, minmay_heptomino_d4
D:3:      layout_loops_ring, nicolae_overflow_ecumenical_swirl,
          nzn_wu_jian_contemplation, serial_bayou, serial_bayou_pond_a,
          serial_bayou_pond_c, serial_bayou_lagoon_b, serial_bayou_crossing,
          nicolae_figureground_sparkle, uniq_jessica, uniq_robin, uniq_sigmund
D:4:      layout_cave_pools, minitemple, minmay_temple_entry_statues_fountains,
          uniq_edmund
D:5:      layout_rooms, nrook_mini_backslash, uniq_duvessa
Temple:   dpeg_three_leaves_temple

Skill      XL: |  1  2  3  4  5  6  7 |
---------------+----------------------+-----
Short Blades   | 3 4 5 |  5.0
Armour         | 1 2 |  2.6
Dodging        | 3 |  3.9
Shields        | 1 2 |  2.5
Fighting       | 3 |  3.7
Invocations    | 1 |  1.1
Throwing       | |  1.7

Action                     |  1- 3 |  4- 6 |  7- 9 || total
---------------------------+-------+-------+-------++-------
  Melee: Rapier            |   127 |   233 |    50 ||   410
         Kick              |    22 |    42 |       ||    64
         Tailslap          |       |    22 |    12 ||    34
    Use: Scroll            |       |     6 |       ||     6
         Potion            |       |     1 |     1 ||     2
   Stab: Sleeping          |     2 |       |       ||     2
         Invisible         |       |       |     3 ||     3
 Armour: Leather armour    |    31 |    35 |       ||    66
         Chain mail        |       |    36 |    36 ||    72
         Scale mail        |       |     4 |       ||     4
         Robe              |       |     2 |       ||     2
  Dodge: Dodged            |    55 |    97 |    22 ||   174
  Block: Kite shield       |    53 |    91 |    32 ||   176

Table legend: (Time is in decaauts)
 A = Elapsed time spent in this place.
 B = Non-inter-level travel time spent in this place.
 C = Inter-level travel time spent in this place.
 D = Time resting spent in this place.
 E = Time spent auto-exploring this place.
 F = Levels seen in this place.
 G = Mean time per level.
                   A        B        C        D        E       F      G
               +--------+--------+--------+--------+--------+-----+--------+
         Total |   4671 |   4492 |    179 |    461 |   3137 |   6 |  778.5 |
       Dungeon |   4652 |   4482 |    170 |    461 |   3135 |   5 |  930.4 |
        Temple |     19 |     10 |      9 |      0 |      2 |   1 |   19.0 |
               +--------+--------+--------+--------+--------+-----+--------+

Top non-repeatable levels by time:
     D:3: 1334 daAuts
     D:2: 1197 daAuts
     D:4: 1046 daAuts
     D:1: 828 daAuts
     D:5: 244 daAuts
  Temple: 19 daAuts
